[Event "FICS rated blitz game"]
[Site "FICS freechess.org"]
[FICSGamesDBGameNo "20000997"]
[White "Eileen"]
[Black "MsD"]
[WhiteElo "969"]
[BlackElo "1371"]
[WhiteRD "na"]
[BlackRD "na"]
[TimeControl "120+12"]
[Date "1999.06.19"]
[Time "11:57:00"]
[WhiteClock "0:02:00.000"]
[BlackClock "0:02:00.000"]
[ECO "C50"]
[PlyCount "82"]
[Result "0-1"]

1. e4 e5 2. Nf3 Nc6 3. Bc4 Bc5 4. O-O Nf6 5. d3 d6 6. h3 Be6 7. Bg5 h6 8. Bh4 g5 9. Bg3 Nh5 10. Bh2 Qf6 11. Bxe6 fxe6 12. Nc3 O-O-O 13. a3 Nf4 14. Bxf4 exf4 15. Na4 Bb6 16. Nxb6+ axb6 17. c3 Ne5 18. Nxe5 Qxe5 19. g3 fxg3 20. fxg3 Qxg3+ 21. Kh1 Qxh3+ 22. Kg1 Rhf8 23. Rxf8 Rxf8 24. Qe2 Qg3+ 25. Kh1 Qf3+ 26. Qg2 Qxd3 27. Kh2 Rf4 28. Rg1 Qxe4 29. Qxe4 Rxe4 30. Rg2 Rf4 31. b4 e5 32. Rc2 Kd7 33. c4 Ke6 34. c5 bxc5 35. bxc5 d5 36. c6 b6 37. Ra2 Kd6 38. a4 Kxc6 39. a5 Kb7 40. a6+ Ka7 41. Kg2 c5 {White resigns} 0-1

[Event "FICS rated blitz game"]
[Site "FICS freechess.org"]
[FICSGamesDBGameNo "20000996"]
[White "DrFaustus"]
[Black "cormarc(FM)"]
[WhiteElo "1885"]
[BlackElo "1805"]
[WhiteRD "na"]
[BlackRD "na"]
[TimeControl "180+0"]
[Date "1999.06.19"]
[Time "09:50:00"]
[WhiteClock "0:03:00.000"]
[BlackClock "0:03:00.000"]
[ECO "A80"]
[PlyCount "97"]
[Result "1-0"]

1. d4 f5 2. Bg5 h6 3. Bc1 Nf6 4. Nc3 d5 5. Bf4 c6 6. Be5 Nbd7 7. Nf3 g5 8. h4 g4 9. Bxf6 exf6 10. Nh2 Bd6 11. Qd2 Qc7 12. g3 h5 13. e3 Nf8 14. Bd3 Ng6 15. Ne2 Bd7 16. Nf4 Nxf4 17. exf4 O-O-O 18. O-O-O Rhe8 19. Nf1 Re4 20. Bxe4 fxe4 21. Ne3 f5 22. Kb1 Qb6 23. c4 Bb4 24. Qc2 Be6 25. cxd5 Bxd5 26. Nxf5 Qa5 27. a3 Bf8 28. Ne3 Kb8 29. Nxd5 Rxd5 30. Rc1 a6 31. Qc3 Qb5 32. Rhe1 Bg7 33. Rxe4 Ka7 34. Ka2 c5 35. Qb3 Bxd4 36. Qxb5 axb5 37. b3 Bxf2 38. Rc2 Bxg3 39. Re5 Rxe5 40. fxe5 Bxe5 41. Rxc5 Bf4 42. Rxh5 g3 43. Rh8 Be5 44. Rg8 Kb6 45. h5 Kc5 46. h6 Kd4 47. h7 Ke4 48. Rxg3 Bxg3 49. h8=Q {Black resigns} 1-0

[Event "FICS rated blitz game"]
[Site "FICS freechess.org"]
[FICSGamesDBGameNo "20000995"]
[White "jared"]
[Black "Zappa"]
[WhiteElo "1396"]
[BlackElo "1413"]
[WhiteRD "na"]
[BlackRD "na"]
[TimeControl "180+0"]
[Date "1999.06.19"]
[Time "02:20:00"]
[WhiteClock "0:03:00.000"]
[BlackClock "0:03:00.000"]
[ECO "D02"]
[PlyCount "53"]
[Result "1-0"]

1. d4 d5 2. Nf3 Nc6 3. Nbd2 Nf6 4. e3 Bg4 5. c4 Ne4 6. Be2 Bxf3 7. Nxf3 dxc4 8. Bxc4 e6 9. Qc2 Nb4 10. Qxe4 c6 11. Bb3 Qf6 12. O-O O-O-O 13. Qe5 Qxe5 14. Nxe5 Re8 15. Nxf7 Rg8 16. Ng5 Bd6 17. Bxe6+ Kc7 18. Bxg8 Rxg8 19. h3 h6 20. Ne4 Be7 21. a3 Nd3 22. b4 Bh4 23. Ra2 Re8 24. Nc5 Bxf2+ 25. Rfxf2 Nxf2 26. Rxf2 b6 27. Nd3 {Black resigns} 1-0

[Event "FICS rated blitz game"]
[Site "FICS freechess.org"]
[FICSGamesDBGameNo "20000994"]
[White "Cocoliso"]
[Black "tarasboulba"]
[WhiteElo "1700"]
[BlackElo "1680"]
[WhiteRD "na"]
[BlackRD "na"]
[TimeControl "180+0"]
[Date "1999.06.18"]
[Time "17:51:00"]
[WhiteClock "0:03:00.000"]
[BlackClock "0:03:00.000"]
[ECO "C48"]
[PlyCount "103"]
[Result "0-1"]

1. e4 e5 2. Nf3 Nf6 3. Nc3 Nc6 4. Bb5 d6 5. O-O Be7 6. h3 O-O 7. d3 Bd7 8. Be3 a6 9. Ba4 b5 10. Bb3 Na5 11. Ne2 Nxb3 12. axb3 Qc8 13. Nh2 Bxh3 14. gxh3 Qxh3 15. Ng3 d5 16. Qf3 d4 17. Bg5 Rae8 18. Bxf6 Bxf6 19. Nf5 Qxf3 20. Nxf3 g6 21. Ng3 Bg7 22. Kg2 h5 23. Rxa6 Re6 24. Rfa1 h4 25. Nxh4 Bf6 26. Nf3 Kg7 27. Rxe6 fxe6 28. Ra7 Rf7 29. Ne2 g5 30. Nh2 Kg6 31. Ng4 Bg7 32. Rb7 c6 33. Rxf7 Kxf7 34. c3 Ke7 35. c4 bxc4 36. bxc4 Kd6 37. b4 Bf8 38. f3 Be7 39. c5+ Kc7 40. Nxe5 Bf6 41. Ng4 Be7 42. Nxd4 e5 43. Ne6+ Kb7 44. Nxe5 Bf6 45. Nd7 Bc3 46. f4 gxf4 47. Nxf4 Bxb4 48. d4 Kc7 49. Nf6 Bc3 50. Ne2 Bd2 51. Kf3 Bg5 52. e5 {White forfeits on time} 0-1

[Event "FICS rated blitz game"]
[Site "FICS freechess.org"]
[FICSGamesDBGameNo "20000993"]
[White "nicksinc"]
[Black "edlaan"]
[WhiteElo "1481"]
[BlackElo "1871"]
[WhiteRD "na"]
[BlackRD "na"]
[TimeControl "180+0"]
[Date "1999.06.18"]
[Time "14:27:00"]
[WhiteClock "0:03:00.000"]
[BlackClock "0:03:00.000"]
[ECO "C01"]
[PlyCount "67"]
[Result "0-1"]

1. e4 e6 2. d4 d5 3. exd5 exd5 4. Nf3 Nf6 5. c4 c6 6. Be2 Bb4+ 7. Nc3 O-O 8. O-O Bf5 9. Bg5 dxc4 10. Bxc4 Be7 11. Ne5 Bg6 12. h4 Nbd7 13. Nxg6 hxg6 14. Re1 Nb6 15. Bb3 Nfd5 16. Bxe7 Nxe7 17. Qd3 Nf5 18. h5 Qxd4 19. Qxd4 Nxd4 20. hxg6 Nxb3 21. gxf7+ Rxf7 22. axb3 a6 23. Rad1 Raf8 24. f3 Rf4 25. Re4 Rxe4 26. Nxe4 Nd5 27. Nc5 Rb8 28. Re1 Kf7 29. Re5 a5 30. Rf5+ Kg6 31. Re5 b6 32. Nd7 Rc8 33. Re6+ Kf7 34. Re4 {White forfeits on time} 0-1

[Event "FICS rated blitz game"]
[Site "FICS freechess.org"]
[FICSGamesDBGameNo "20000992"]
[White "Mangler"]
[Black "imslo"]
[WhiteElo "1889"]
[BlackElo "1947"]
[WhiteRD "na"]
[BlackRD "na"]
[TimeControl "300+0"]
[Date "1999.06.18"]
[Time "13:24:00"]
[WhiteClock "0:05:00.000"]
[BlackClock "0:05:00.000"]
[ECO "A40"]
[PlyCount "82"]
[Result "0-1"]

1. d4 b5 2. e4 Bb7 3. f3 b4 4. c3 a5 5. Qb3 e6 6. Bd2 Nc6 7. Bb5 Qb8 8. Ne2 Nf6 9. O-O Be7 10. Bg5 O-O 11. Nd2 h6 12. Bh4 Nxe4 13. Nxe4 Bxh4 14. Nc5 Rd8 15. Nxb7 Qxb7 16. Bd3 Rab8 17. Qc2 bxc3 18. bxc3 Qb2 19. Rab1 Qxc2 20. Bxc2 Bg5 21. f4 Bf6 22. Ba4 Rxb1 23. Rxb1 Rb8 24. Rb3 Rxb3 25. axb3 Nb8 26. Ng3 d5 27. Ne2 Kf8 28. Nc1 c5 29. dxc5 Bxc3 30. Nd3 Na6 31. Kf1 Ke7 32. Bb5 Nc7 33. Ba4 f6 34. Ke2 e5 35. fxe5 fxe5 36. Kd1 e4 37. Nf4 Be5 38. g3 Bxf4 39. gxf4 Ne6 40. c6 Kd6 41. Ke2 d4 {White forfeits on time} 0-1

[Event "FICS rated blitz game"]
[Site "FICS freechess.org"]
[FICSGamesDBGameNo "20000991"]
[White "eikon"]
[Black "sgrydh"]
[WhiteElo "1667"]
[BlackElo "1607"]
[WhiteRD "na"]
[BlackRD "na"]
[TimeControl "180+0"]
[Date "1999.06.18"]
[Time "12:35:00"]
[WhiteClock "0:03:00.000"]
[BlackClock "0:03:00.000"]
[ECO "B03"]
[PlyCount "73"]
[Result "1-0"]

1. e4 Nf6 2. e5 Nd5 3. d4 d6 4. c4 Nb6 5. exd6 exd6 6. Nf3 g6 7. Be2 Bg7 8. Bg5 f6 9. Be3 O-O 10. O-O Nc6 11. Nc3 a5 12. Qd2 g5 13. d5 Ne7 14. Nd4 Nf5 15. Nxf5 Bxf5 16. Bd3 Qd7 17. Ne4 Nxc4 18. Bxc4 Bxe4 19. f3 Bg6 20. Rac1 Rfe8 21. f4 Re7 22. Bd4 gxf4 23. Qxf4 Rf8 24. Bb3 Re4 25. Qf2 Bh6 26. Rce1 Rf4 27. Qg3 Rxd4 28. Bc2 Rg4 29. Qh3 Bg7 30. Bd1 Bf5 31. Bxg4 Bxg4 32. Qg3 h5 33. h3 Bf5 34. Qf4 Bg6 35. Rf3 Qf7 36. a3 Qxd5 37. Rc3 {Black forfeits on time} 1-0

[Event "FICS rated lightning game"]
[Site "FICS freechess.org"]
[FICSGamesDBGameNo "20000990"]
[White "Alzuko"]
[Black "kristy"]
[WhiteElo "1898"]
[BlackElo "1857"]
[WhiteRD "na"]
[BlackRD "na"]
[TimeControl "60+0"]
[Date "1999.06.18"]
[Time "07:36:00"]
[WhiteClock "0:01:00.000"]
[BlackClock "0:01:00.000"]
[ECO "A40"]
[PlyCount "79"]
[Result "1-0"]

1. d4 g6 2. c3 Bg7 3. g3 c6 4. Bg2 d6 5. Nf3 h5 6. O-O e6 7. h4 Bf6 8. Bg5 Bxg5 9. Nxg5 Nf6 10. Nd2 Ng4 11. e4 Nd7 12. Qf3 Qe7 13. Bh3 Ndf6 14. Rae1 e5 15. dxe5 dxe5 16. Nc4 Be6 17. b3 O-O-O 18. Rd1 Kb8 19. Rxd8+ Rxd8 20. Rd1 Rxd1+ 21. Qxd1 Qc5 22. Qd8+ Bc8 23. Qd6+ Qxd6 24. Nxd6 Kc7 25. Nxc8 Kxc8 26. Nxf7 Kc7 27. f3 Ne3 28. Nxe5 Nd1 29. Nxg6 Nxc3 30. e5 Ne8 31. e6 Nxa2 32. f4 Nc1 33. f5 Nxb3 34. Nf4 Nd4 35. Nxh5 Nxf5 36. g4 Nxh4 37. g5 Nf3+ 38. Kf2 Nxg5 39. Nf6 Nxf6 40. Bg4 {Black forfeits on time} 1-0

[Event "FICS rated blitz game"]
[Site "FICS freechess.org"]
[FICSGamesDBGameNo "20000989"]
[White "GALAKIS"]
[Black "dabuche"]
[WhiteElo "1537"]
[BlackElo "1483"]
[WhiteRD "na"]
[BlackRD "na"]
[TimeControl "180+0"]
[Date "1999.06.18"]
[Time "04:48:00"]
[WhiteClock "0:03:00.000"]
[BlackClock "0:03:00.000"]
[ECO "E76"]
[PlyCount "64"]
[Result "0-1"]

1. d4 d6 2. c4 Nf6 3. Nc3 g6 4. e4 Bg7 5. f4 O-O 6. Nf3 Bg4 7. Be2 c5 8. d5 Nbd7 9. h3 Bxf3 10. Bxf3 Qa5 11. Bd2 Qb6 12. Qc2 a5 13. g4 Qc7 14. g5 Ne8 15. Nb5 Qd8 16. h4 Nc7 17. a4 Nxb5 18. axb5 b6 19. h5 e6 20. Bc3 e5 21. hxg6 fxg6 22. O-O-O Rxf4 23. Rh3 Qxg5 24. Bd2 Qf6 25. Bxf4 Qxf4+ 26. Kb1 Rf8 27. Rdh1 h6 28. Qg2 g5 29. Bg4 Nf6 30. Be6+ Rf7 31. Bxf7+ Kxf7 32. Rxh6 Qxe4+ {White forfeits on time} 0-1

[Event "FICS rated blitz game"]
[Site "FICS freechess.org"]
[FICSGamesDBGameNo "20000988"]
[White "nardis"]
[Black "Rockets"]
[WhiteElo "1468"]
[BlackElo "1635"]
[WhiteRD "na"]
[BlackRD "na"]
[TimeControl "180+0"]
[Date "1999.06.17"]
[Time "19:15:00"]
[WhiteClock "0:03:00.000"]
[BlackClock "0:03:00.000"]
[ECO "A00"]
[PlyCount "88"]
[Result "0-1"]

1. g4 e5 2. h3 d5 3. Bg2 c6 4. c4 f5 5. gxf5 Bxf5 6. Qb3 Qg5 7. Qf3 Be4 8. Qg3 Qxg3 9. fxg3 Bxg2 10. Rh2 Be4 11. d3 Bg6 12. Nc3 Nf6 13. cxd5 cxd5 14. Nf3 e4 15. dxe4 dxe4 16. Nd4 Bb4 17. Nb5 Na6 18. a3 Bxc3+ 19. bxc3 O-O 20. e3 Rac8 21. Bb2 Nd5 22. Ke2 Nc5 23. Nd6 Rc6 24. Nb5 Nb3 25. Rd1 a6 26. Nd4 Nxd4+ 27. exd4 Nxc3+ 28. Bxc3 Rxc3 29. Rf2 Rc2+ 30. Rd2 Rxd2+ 31. Kxd2 Rxf2+ 32. Ke3 Rf3+ 33. Ke2 Rxg3 34. d5 Rxh3 35. d6 Rd3 36. d7 Rxd7 37. Ke3 Rd3+ 38. Ke2 Rxa3 39. Ke1 Rd3 40. Ke2 a5 41. Kf2 a4 42. Ke2 a3 43. Ke1 a2 44. Ke2 a1=Q {White resigns} 0-1

[Event "FICS rated blitz game"]
[Site "FICS freechess.org"]
[FICSGamesDBGameNo "20000987"]
[White "talsman"]
[Black "GirlsOrChess"]
[WhiteElo "1401"]
[BlackElo "1483"]
[WhiteRD "na"]
[BlackRD "na"]
[TimeControl "120+12"]
[Date "1999.06.17"]
[Time "17:41:00"]
[WhiteClock "0:02:00.000"]
[BlackClock "0:02:00.000"]
[ECO "A08"]
[PlyCount "81"]
[Result "1-0"]

1. Nf3 d5 2. g3 Nf6 3. Bg2 c5 4. O-O Bf5 5. d3 e6 6. Nbd2 Be7 7. Qe1 O-O 8. e4 Bg6 9. e5 Nfd7 10. h4 Nc6 11. c3 Bxd3 12. Qe3 Bxf1 13. Bxf1 Qc7 14. Bb5 Rac8 15. Bxc6 Qxc6 16. Ng5 Bxg5 17. Qxg5 b5 18. Nf3 b4 19. Qg4 bxc3 20. bxc3 Rb8 21. Bh6 g6 22. Bxf8 Kxf8 23. Ng5 Nxe5 24. Qf4 Qd6 25. Qf6 Nd3 26. Nxh7+ Ke8 27. Qf3 Ne5 28. h5 gxh5 29. Qxh5 Rb2 30. Nf6+ Ke7 31. Ng4 Nxg4 32. Qxg4 d4 33. cxd4 cxd4 34. Qg5+ Kd7 35. Qg7 Qe7 36. Qxd4+ Qd6 37. Qxb2 Ke7 38. Qc2 f6 39. Rd1 Qb6 40. Qd3 Qc7 41. Qh7+ {Black resigns} 1-0

[Event "FICS rated lightning game"]
[Site "FICS freechess.org"]
[FICSGamesDBGameNo "20000986"]
[White "Grande"]
[Black "BigBob"]
[WhiteElo "1706"]
[BlackElo "1475"]
[WhiteRD "na"]
[BlackRD "na"]
[TimeControl "120+0"]
[Date "1999.06.17"]
[Time "11:29:00"]
[WhiteClock "0:02:00.000"]
[BlackClock "0:02:00.000"]
[ECO "B14"]
[PlyCount "76"]
[Result "0-1"]

1. d4 d5 2. Nf3 c5 3. e3 e6 4. c4 Nf6 5. cxd5 Nxd5 6. Nc3 cxd4 7. exd4 Bb4 8. Bb5+ Bd7 9. Bd3 Nxc3 10. bxc3 Bxc3+ 11. Bd2 Bxa1 12. Qxa1 O-O 13. O-O Nc6 14. Bg5 Qc7 15. Bh4 e5 16. dxe5 Rfe8 17. Rc1 Qb8 18. Bg3 Qd8 19. Qc3 Be6 20. Rd1 Qe7 21. Bh4 Qb4 22. Qc2 Rac8 23. Bxh7+ Kf8 24. Qe2 Qxh4 25. Nxh4 Nxe5 26. Qxe5 Bb3 27. Qxe8+ Rxe8 28. axb3 g6 29. Nxg6+ fxg6 30. Bxg6 Re6 31. Bf5 Re5 32. g4 Rb5 33. Rd3 a5 34. Kg2 Rb4 35. g5 a4 36. bxa4 Rxa4 37. Be6 Re4 38. Bf5 Rg4+ {White forfeits on time} 0-1

[Event "FICS rated blitz game"]
[Site "FICS freechess.org"]
[FICSGamesDBGameNo "20000985"]
[White "Aui"]
[Black "kemar"]
[WhiteElo "1831"]
[BlackElo "1715"]
[WhiteRD "na"]
[BlackRD "na"]
[TimeControl "180+0"]
[Date "1999.06.17"]
[Time "09:14:00"]
[WhiteClock "0:03:00.000"]
[BlackClock "0:03:00.000"]
[ECO "C11"]
[PlyCount "62"]
[Result "0-1"]

1. d4 Nf6 2. Nc3 d5 3. Bg5 e6 4. e4 dxe4 5. Nxe4 Nbd7 6. Bd3 Be7 7. Nxf6+ Nxf6 8. c3 O-O 9. Qc2 c5 10. dxc5 h6 11. Be3 Qd5 12. O-O-O Qxg2 13. Ne2 Qc6 14. Rhg1 Kh8 15. Qd2 Ne4 16. Bxe4 Qxe4 17. Bd4 e5 18. f3 Qf5 19. Be3 Be6 20. Ng3 Qh7 21. Ne4 Bxa2 22. Rg3 Rad8 23. Qg2 Rxd1+ 24. Kxd1 Rd8+ 25. Bd2 Bb3+ 26. Kc1 f5 27. Nd6 f4 28. Rg6 Bxd6 29. cxd6 Rxd6 30. Rxh6 gxh6 31. Qg4 Qc2# {White checkmated} 0-1

[Event "FICS rated blitz game"]
[Site "FICS freechess.org"]
[FICSGamesDBGameNo "20000984"]
[White "jared"]
[Black "argowin"]
[WhiteElo "1436"]
[BlackElo "1507"]
[WhiteRD "na"]
[BlackRD "na"]
[TimeControl "180+0"]
[Date "1999.06.17"]
[Time "03:01:00"]
[WhiteClock "0:03:00.000"]
[BlackClock "0:03:00.000"]
[ECO "D05"]
[PlyCount "68"]
[Result "0-1"]

1. d4 d5 2. Nf3 e6 3. e3 Nf6 4. Nbd2 Bb4 5. c3 Ba5 6. Bd3 O-O 7. O-O Re8 8. e4 dxe4 9. Nxe4 Nxe4 10. Bxe4 c6 11. Qc2 h6 12. b4 Bc7 13. a4 Nd7 14. Bxh6 gxh6 15. Bh7+ Kh8 16. Be4 Nf6 17. Bd3 e5 18. Nxe5 Bxe5 19. dxe5 Rxe5 20. f4 Re3 21. Bc4 Be6 22. Bxe6 fxe6 23. Rae1 Qb6 24. Kh1 Ng4 25. Qg6 Rxe1 26. Rxe1 Rg8 27. Qe4 Nf2+ 28. Kg1 Nxe4+ 29. Kf1 Nd2+ 30. Ke2 Rxg2+ 31. Kd1 Qa6 32. a5 Qc4 33. h3 Qb3+ 34. Kc1 Qb1# {White checkmated} 0-1

[Event "FICS rated blitz game"]
[Site "FICS freechess.org"]
[FICSGamesDBGameNo "20000983"]
[White "Jeeper"]
[Black "cochrane"]
[WhiteElo "1387"]
[BlackElo "1613"]
[WhiteRD "na"]
[BlackRD "na"]
[TimeControl "180+0"]
[Date "1999.06.17"]
[Time "02:56:00"]
[WhiteClock "0:03:00.000"]
[BlackClock "0:03:00.000"]
[ECO "B52"]
[PlyCount "68"]
[Result "0-1"]

1. e4 c5 2. Nf3 d6 3. Bb5+ Bd7 4. Bxd7+ Nxd7 5. O-O Ngf6 6. Re1 g6 7. c4 Bg7 8. d4 cxd4 9. Nxd4 O-O 10. Bf4 Nc5 11. Nc3 a6 12. b4 Ncd7 13. e5 dxe5 14. Bxe5 Nxe5 15. Rxe5 Ng4 16. Re4 f5 17. Rf4 e5 18. Ne6 Qxd1+ 19. Rxd1 exf4 20. Nxf8 Rxf8 21. f3 Ne3 22. Rd7 Bxc3 23. Rxb7 Rd8 24. h3 Rd1+ 25. Kf2 Rd2+ 26. Kg1 Rxg2+ 27. Kh1 Rg3 28. Kh2 Nf1+ 29. Kh1 Nd2 30. h4 Nxf3 31. Rb8+ Kg7 32. Rb7+ Kh6 33. Rxh7+ Kxh7 34. h5 Rg1# {White checkmated} 0-1

[Event "FICS rated blitz game"]
[Site "FICS freechess.org"]
[FICSGamesDBGameNo "20000982"]
[White "amrie"]
[Black "appollo"]
[WhiteElo "1669"]
[BlackElo "1333"]
[WhiteRD "na"]
[BlackRD "na"]
[TimeControl "120+5"]
[Date "1999.06.17"]
[Time "02:09:00"]
[WhiteClock "0:02:00.000"]
[BlackClock "0:02:00.000"]
[ECO "C62"]
[PlyCount "59"]
[Result "1-0"]

1. e4 e5 2. Nf3 Nc6 3. Bb5 d6 4. d4 Bd7 5. dxe5 Nxe5 6. Bxd7+ Nxd7 7. O-O Ngf6 8. Nc3 Be7 9. Re1 O-O 10. Bg5 Nb6 11. Qe2 Nh5 12. Bxe7 Qxe7 13. Nd4 Nf4 14. Qf3 Ng6 15. Nf5 Qd7 16. Qg4 Rad8 17. Nd5 Nxd5 18. exd5 c6 19. Re7 Qc8 20. dxc6 Qxc6 21. Re3 Rde8 22. Rg3 Qxc2 23. h4 Qxb2 24. Rf1 Re2 25. h5 Re6 26. hxg6 Rxg6 27. Ne7+ Kh8 28. Nxg6+ fxg6 29. Rf3 Rxf3 30. Qc8+ {Black resigns} 1-0

[Event "FICS rated standard game"]
[Site "FICS freechess.org"]
[FICSGamesDBGameNo "20000981"]
[White "Mozilla"]
[Black "Raiz"]
[WhiteElo "1694"]
[BlackElo "1750"]
[WhiteRD "na"]
[BlackRD "na"]
[TimeControl "2700+10"]
[Date "1999.06.16"]
[Time "20:05:00"]
[WhiteClock "0:45:00.000"]
[BlackClock "0:45:00.000"]
[ECO "C99"]
[PlyCount "54"]
[Result "0-1"]

1. e4 e5 2. Nf3 Nc6 3. Bb5 a6 4. Ba4 Nf6 5. O-O Be7 6. Re1 b5 7. Bb3 O-O 8. c3 d6 9. h3 Na5 10. Bc2 c5 11. d4 Qc7 12. Nbd2 Bd7 13. Nf1 cxd4 14. cxd4 Rac8 15. Bd3 exd4 16. Nxd4 Nc6 17. Nf3 Ne5 18. Bb1 Rfd8 19. Bg5 h6 20. Bh4 Qc5 21. Ne3 Qb4 22. b3 Nxf3+ 23. gxf3 Qc5 24. Kg2 Qh5 25. Bxf6 Bxf6 26. Ng4 Bxa1 27. Qd3 Qg6 {White resigns} 0-1

[Event "FICS rated lightning game"]
[Site "FICS freechess.org"]
[FICSGamesDBGameNo "20000980"]
[White "ankie"]
[Black "passpawn"]
[WhiteElo "1938"]
[BlackElo "1853"]
[WhiteRD "na"]
[BlackRD "na"]
[TimeControl "60+0"]
[Date "1999.06.16"]
[Time "15:01:00"]
[WhiteClock "0:01:00.000"]
[BlackClock "0:01:00.000"]
[ECO "A00"]
[PlyCount "38"]
[Result "0-1"]

1. f3 d5 2. d3 e5 3. e3 f5 4. Be2 Nf6 5. Bd2 Bd6 6. Nc3 O-O 7. Nb5 a6 8. Nxd6 Qxd6 9. Bf1 e4 10. Be2 exd3 11. cxd3 d4 12. e4 fxe4 13. dxe4 Nc6 14. Bd3 Ne5 15. Bb1 d3 16. Nh3 Bxh3 17. gxh3 Qb6 18. Rf1 Nxe4 19. Bc3 Qe3+ {White resigns} 0-1

[Event "FICS rated blitz game"]
[Site "FICS freechess.org"]
[FICSGamesDBGameNo "20000979"]
[White "goldrake"]
[Black "jschach"]
[WhiteElo "1708"]
[BlackElo "1626"]
[WhiteRD "na"]
[BlackRD "na"]
[TimeControl "180+0"]
[Date "1999.06.16"]
[Time "14:35:00"]
[WhiteClock "0:03:00.000"]
[BlackClock "0:03:00.000"]
[ECO "B81"]
[PlyCount "79"]
[Result "1-0"]

1. e4 c5 2. Nf3 d6 3. d4 cxd4 4. Nxd4 Nf6 5. Nc3 e6 6. g4 h6 7. Rg1 Be7 8. Be3 Qa5 9. Qd2 Nc6 10. Bd3 Bd7 11. Nb3 Qc7 12. h4 a6 13. g5 hxg5 14. hxg5 Ng8 15. O-O-O O-O-O 16. g6 f6 17. f4 Nh6 18. f5 exf5 19. Bxh6 Rxh6 20. Nd5 Qb8 21. exf5 Bf8 22. Na5 b5 23. Nxc6 Bxc6 24. Nb4 Bb7 25. Rg3 d5 26. Bf1 Qxg3 27. Qd4 Rh4 28. Qb6 Qf4+ 29. Kb1 Qxb4 30. Qe6+ Kb8 31. a3 Qd6 32. Qe3 d4 33. Qb3 Bd5 34. c4 Bxc4 35. Qc2 d3 36. Qc3 Rh1 37. Be2 Rxd1+ 38. Bxd1 Qd4 39. Qa5 d2 40. Qxa6 {Black forfeits on time} 1-0

[Event "FICS rated blitz game"]
[Site "FICS freechess.org"]
[FICSGamesDBGameNo "20000978"]
[White "realMARS"]
[Black "kingcoolest"]
[WhiteElo "1473"]
[BlackElo "1494"]
[WhiteRD "na"]
[BlackRD "na"]
[TimeControl "180+0"]
[Date "1999.06.16"]
[Time "13:13:00"]
[WhiteClock "0:03:00.000"]
[BlackClock "0:03:00.000"]
[ECO "A17"]
[PlyCount "51"]
[Result "1-0"]

1. c4 Nf6 2. Nc3 e6 3. g3 Bc5 4. Bg2 Nc6 5. d4 Bb4 6. a3 Bxc3+ 7. bxc3 d5 8. cxd5 Nxd5 9. Qc2 Qe7 10. e4 Nf6 11. Ne2 O-O 12. a4 Bd7 13. Ba3 Qe8 14. Bxf8 Qxf8 15. e5 Nd5 16. O-O Nb6 17. Be4 Nc4 18. Bxh7+ Kh8 19. Bd3 N6a5 20. Nf4 Qe7 21. Qe2 Bc6 22. Bxc4 Nxc4 23. Qxc4 Qg5 24. h4 Qg4 25. Qe2 Bf3 26. Qe3 {Black resigns} 1-0

[Event "FICS rated blitz game"]
[Site "FICS freechess.org"]
[FICSGamesDBGameNo "20000977"]
[White "stargleamer"]
[Black "topogigio"]
[WhiteElo "1490"]
[BlackElo "1691"]
[WhiteRD "na"]
[BlackRD "na"]
[TimeControl "120+12"]
[Date "1999.06.16"]
[Time "11:37:00"]
[WhiteClock "0:02:00.000"]
[BlackClock "0:02:00.000"]
[ECO "C54"]
[PlyCount "36"]
[Result "0-1"]

1. e4 e5 2. Nf3 Nc6 3. Bc4 Bc5 4. c3 Nf6 5. d4 exd4 6. cxd4 Bb4+ 7. Bd2 Nxe4 8. Bxb4 Nxb4 9. Bxf7+ Kxf7 10. Qb3+ d5 11. Qxb4 Re8 12. O-O Kg8 13. Nc3 c6 14. Rfe1 Bf5 15. Ne5 Qb6 16. Qa4 Qxb2 17. Nxe4 Bxe4 18. Rab1 Bxb1 {White resigns} 0-1

[Event "FICS rated blitz game"]
[Site "FICS freechess.org"]
[FICSGamesDBGameNo "20000976"]
[White "persidis"]
[Black "marcs"]
[WhiteElo "1342"]
[BlackElo "1475"]
[WhiteRD "na"]
[BlackRD "na"]
[TimeControl "120+12"]
[Date "1999.06.16"]
[Time "10:48:00"]
[WhiteClock "0:02:00.000"]
[BlackClock "0:02:00.000"]
[ECO "B62"]
[PlyCount "62"]
[Result "0-1"]

1. e4 c5 2. Nf3 Nc6 3. d4 cxd4 4. Nxd4 e6 5. Nc3 d6 6. Be2 Nf6 7. Bg5 g6 8. f4 h6 9. Bh4 Be7 10. Qd3 Qb6 11. O-O Nxd4 12. Bd1 Nc6+ 13. Kh1 Nb4 14. Qd2 O-O 15. Bxf6 Bxf6 16. e5 Bg7 17. exd6 Bd7 18. Ne4 Bc6 19. Bf3 Nd5 20. c4 Nf6 21. Nxf6+ Bxf6 22. f5 Bxf3 23. Rxf3 exf5 24. Qxh6 Bg7 25. Qh4 Qxd6 26. Rh3 f6 27. Qh7+ Kf7 28. Rg3 Qxg3 29. hxg3 Rh8 30. Qxh8 Rxh8+ 31. Kg1 Rd8 {White resigns} 0-1

[Event "FICS rated lightning game"]
[Site "FICS freechess.org"]
[FICSGamesDBGameNo "20000975"]
[White "Bobeskillz"]
[Black "Stoboy"]
[WhiteElo "1458"]
[BlackElo "1598"]
[WhiteRD "na"]
[BlackRD "na"]
[TimeControl "60+0"]
[Date "1999.06.16"]
[Time "10:43:00"]
[WhiteClock "0:01:00.000"]
[BlackClock "0:01:00.000"]
[ECO "C47"]
[PlyCount "35"]
[Result "1-0"]

1. e4 e5 2. Nf3 Nc6 3. Bc4 Nf6 4. Nc3 h6 5. d3 Bb4 6. Bd2 O-O 7. h3 d6 8. O-O Nd4 9. a3 Bxc3 10. Bxc3 Nxf3+ 11. Qxf3 c6 12. Qe3 b5 13. Ba2 Re8 14. f4 exf4 15. Qxf4 d5 16. Qg3 Kh7 17. exd5 cxd5 18. Rae1 {Black forfeits on time} 1-0

[Event "FICS rated blitz game"]
[Site "FICS freechess.org"]
[FICSGamesDBGameNo "20000974"]
[White "cochrane"]
[Black "pacip"]
[WhiteElo "1645"]
[BlackElo "1675"]
[WhiteRD "na"]
[BlackRD "na"]
[TimeControl "180+0"]
[Date "1999.06.16"]
[Time "06:58:00"]
[WhiteClock "0:03:00.000"]
[BlackClock "0:03:00.000"]
[ECO "C11"]
[PlyCount "95"]
[Result "1-0"]

1. e4 e6 2. d4 d5 3. Nd2 dxe4 4. Nxe4 Nf6 5. Bg5 Be7 6. Bd3 Nbd7 7. Nf3 h6 8. Nxf6+ Nxf6 9. Bf4 O-O 10. O-O c5 11. Re1 cxd4 12. Nxd4 Kh8 13. Nf3 b6 14. Be4 Nxe4 15. Rxe4 Bf6 16. c3 Bb7 17. Re3 Qxd1+ 18. Rxd1 Rfd8 19. Red3 Be4 20. Rxd8+ Rxd8 21. Rxd8+ Bxd8 22. Ne5 Kg8 23. Be3 f6 24. Nc4 Be7 25. Nd2 Bd3 26. f3 Kf7 27. Kf2 g5 28. Nb3 e5 29. Bd2 f5 30. Ke3 e4 31. fxe4 Bxe4 32. g3 Bd6 33. Kf2 a5 34. Be3 a4 35. Nd2 b5 36. g4 Ke6 37. gxf5+ Bxf5 38. Nf3 Be4 39. Nd4+ Kf7 40. h3 b4 41. Nb5 bxc3 42. bxc3 Bb8 43. Bc5 Bf5 44. Kg2 Be4+ 45. Kf2 Bf5 46. h4 gxh4 47. Nd6+ Bxd6 48. Bxd6 {Black forfeits on time} 1-0

[Event "FICS rated blitz game"]
[Site "FICS freechess.org"]
[FICSGamesDBGameNo "20000973"]
[White "Crashed"]
[Black "maxia"]
[WhiteElo "1305"]
[BlackElo "1133"]
[WhiteRD "na"]
[BlackRD "na"]
[TimeControl "120+10"]
[Date "1999.06.16"]
[Time "02:14:00"]
[WhiteClock "0:02:00.000"]
[BlackClock "0:02:00.000"]
[ECO "B01"]
[PlyCount "42"]
[Result "0-1"]

1. e4 d5 2. exd5 Qxd5 3. Nf3 Bg4 4. Be2 Nf6 5. O-O e6 6. Re1 Qh5 7. d3 Bd6 8. Nbd2 Nbd7 9. Nf1 O-O-O 10. a4 Ne5 11. b3 Nxf3+ 12. Bxf3 Bxf3 13. gxf3 Qg6+ 14. Kh1 h5 15. Ng3 h4 16. Ne4 Nxe4 17. fxe4 h3 18. Rg1 Qf6 19. Bg5 Qxf2 20. Bxd8 Kxd8 21. Rg3 Bxg3 {White forfeits on time} 0-1